Map: Jagannatha LE

Players

FLORENCIO - Winner!

  • Race: Zerg Zerg
  • League: Platinum
  • Spawn Location: 1:00

August

  • Race: Protoss Protoss
  • League: Gold
  • Spawn Location: 7:00

VOD

Have the link to the VOD?

Description

Time

  • Played on: March 5, 2021, 6 p.m.
  • Length: 10:30
Show
View Real Time Build Order
Export as new Build Order

FLORENCIO Zerg - Winner!

Build Orders: Pool First 

Get SALT Encoding   

  12  0:18  Spawning Pool  
  11  0:22  Drone  
  11  0:26  Drone  
  13  0:31  Drone  
  14  0:40  Overlord  
  14  1:07  Zergling x6  
  17  1:14  Extractor  
  17  1:33  Hatchery  
  17  1:36  Drone x2  
  17  1:39  Drone  
  19  2:23  Hatchery  
  18  2:35  Hatchery  
  17  2:41  Drone x2  
  17  2:42  Drone  
  20  2:44  Extractor  
  18  3:33  Drone x6  
  24  3:50  Spine Crawler  
  25  3:59  Drone x4  
  29  4:03  Extractor  
  29  4:07  Spine Crawler  
  26  4:14  Drone x2  
  26  4:25  Drone  
  27  4:34  Hatchery  
  27  4:36  Queen  
  27  4:37  Roach Warren  
  27  4:41  Queen, Spine Crawler x2  
  27  4:45  Spine Crawler  
  26  4:49  Evolution Chamber  
  25  4:53  Drone x2  
  25  4:55  Overlord x2  
  25  4:58  Overlord  
  27  5:14  Extractor  
  26  5:15  Drone x3  
  26  5:20  Drone x2  
  31  5:25  Drone  
  32  5:35  Drone  
  33  5:51  Drone x2  
  33  5:54  Drone x4  
  39  6:01  Extractor  
  39  6:04  Lair  
  38  6:08  Drone x5  
  43  6:32  Overlord  
  43  6:33  Overlord x3  
  43  6:36  Spore Crawler  
  43  6:39  Spore Crawler  
  41  6:44  Drone x3  
  41  6:46  Drone  
  45  6:49  Overlord x3  
  45  7:16  Spire  
  44  8:03  Drone  
  44  8:05  Overlord  
  45  8:06  Overlord  
  45  8:07  Overlord x2  
  45  8:27  Mutalisk x6  
  45  8:28  Mutalisk x8  
  45  8:33  Zergling x2  
  45  8:34  Zergling x6  
  76  8:35  Zergling x10  
  82  8:47  Metabolic Boost  
  82  8:55  Mutalisk x2  
  82  8:58  Zergling x4  
  88  9:06  Mutalisk  
  90  9:16  Zergling x8  
  94  9:17  Hatchery  
  94  9:23  Hatchery  
Show
View Real Time Build Order
Export as new Build Order

August Protoss 

Build Orders:  

Get SALT Encoding   

  12  0:11  Pylon  
  12  0:14  Probe (Chrono Boost)  
  13  0:25  Probe (Chrono Boost)  
  14  0:33  Probe  
  15  0:39  Gateway  
  15  0:46  Assimilator  
  15  0:50  Probe  
  16  1:02  Probe  
  17  1:14  Probe  
  18  1:26  Probe  
  18  1:32  Zealot  
  20  1:40  Cybernetics Core  
  20  1:45  Probe  
  21  1:57  Probe  
  20  2:15  Zealot (Chrono Boost)  
  22  2:33  Zealot (Chrono Boost)  
  19  2:54  Warp Gate  
  16  3:12  Shield Battery  
  16  3:31  Shield Battery  
  13  3:38  Adept  
  15  4:26  Stalker (Chrono Boost)  
  15  4:31  Probe  
  18  4:43  Probe (Chrono Boost)  
  20  4:54  Probe (Chrono Boost)  
  20  4:58  Adept  
  20  4:59  Probe (Chrono Boost)  
  23  5:22  Pylon  
  23  5:25  Nexus  
  19  6:03  Assimilator  
  19  6:05  Probe (Chrono Boost)  
  20  6:15  Gateway, Probe (Chrono Boost)  
  21  6:20  Probe (Chrono Boost)  
  22  6:31  Probe  
  23  6:36  Twilight Council  
  23  6:43  Probe  
  23  6:46  Pylon  
  24  6:54  Probe  
  24  6:55  Probe  
  26  7:07  Probe  
  27  7:10  Probe  
  28  7:19  Dark Shrine  
  28  7:27  Robotics Facility  
  28  7:29  Probe  
  29  7:30  Probe  
  30  8:00  Probe x2  
  30  8:03  Assimilator  
  30  8:05  Assimilator  
  32  8:12  Probe x2  
  34  8:14  Warp Prism (Chrono Boost)  
  36  8:22  Pylon  
  36  8:24  Probe x2  
  38  8:36  Probe x2  
  40  8:41  Observer  
  41  8:54  Dark Templar x2  
  44  9:17  Archon  
Tags
 
Add a new tag
Caveats
  • Supply blocks, unpowered buildings, or Contaminate may cause inaccurate times.
  • Supply counts are checked every 10 seconds.